[Event "Czech open A"]
[Site "?"]
[Date "2013.07.23"]
[Round "5.71"]
[White "Grigorian, Spartak"]
[Black "Krapivin, Vladislav"]
[Result "1/2-1/2"]
[ECO "A53"]
[WhiteElo "2131"]
[BlackElo "2340"]
[PlyCount "71"]
[EventDate "2013.??.??"]
[TimeControl "6000+940"]
[WhiteClock "0:29:01"]
[BlackClock "0:18:25"]

1. d4 Nf6 2. c4 d6 3. Nf3 Nbd7 4. Nc3 c6 5. e4 e5 6. Be2 Be7 7. O-O O-O 8. Be3
Ng4 9. Bc1 a6 10. d5 cxd5 11. cxd5 b5 12. b4 Nb6 13. a4 bxa4 14. Nxa4 f5 15.
exf5 Bxf5 16. Nd2 Nf6 17. Nxb6 Qxb6 18. Nc4 Qd4 19. Be3 Qxd5 20. Nb6 Qxd1 21.
Rfxd1 Rab8 22. h3 Be6 23. Rxa6 Rfd8 24. Nc4 Nd5 25. Bd2 Kf7 26. b5 Nc7 27. Ra7
Nxb5 28. Nxe5+ dxe5 29. Rxe7+ Kxe7 30. Bg5+ Ke8 31. Rxd8+ Rxd8 32. Bxb5+ Bd7
33. Bxd8 Bxb5 34. Bc7 e4 35. Be5 Kf7 36. g3 1/2-1/2

[Event "Czech open A"]
[Site "?"]
[Date "2013.07.23"]
[Round "5.72"]
[White "Stromboli, Ettore"]
[Black "Kearns, Christopher"]
[Result "1/2-1/2"]
[ECO "B33"]
[WhiteElo "2335"]
[BlackElo "2129"]
[PlyCount "90"]
[EventDate "2013.??.??"]
[TimeControl "6000+1515"]
[WhiteClock "0:30:06"]
[BlackClock "0:20:27"]

1. e4 c5 2. Nf3 Nc6 3. d4 cxd4 4. Nxd4 Nf6 5. Nc3 e6 6. Ndb5 Bc5 7. Nd6+ Ke7 8.
Nxc8+ Rxc8 9. Be2 Bb4 10. Bd2 d5 11. exd5 Nxd5 12. Nxd5+ Qxd5 13. c3 Rhd8 14.
Bf3 Qe5+ 15. Qe2 Bc5 16. Rd1 Qxe2+ 17. Bxe2 h6 18. O-O Rd7 19. Bc1 Rcd8 20.
Rfe1 Rxd1 21. Rxd1 Rxd1+ 22. Bxd1 f5 23. Bc2 Ne5 24. h3 g5 25. Kf1 Kf6 26. Ke2
Ng6 27. g3 h5 28. b4 Bd6 29. Be3 b6 30. Bd2 h4 31. Be1 Bc7 32. a4 Bd6 33. Kf1
Ne5 34. Kg2 g4 35. Bd2 gxh3+ 36. Kxh3 hxg3 37. fxg3 Nc4 38. Bc1 Be5 39. Bd3 Nd6
40. Bd2 Ne8 41. Kg2 Nc7 42. Kf3 Bd6 43. c4 e5 44. Bc3 Kg5 45. Bd2+ Kf6 1/2-1/2

[Event "Czech open A"]
[Site "?"]
[Date "2013.07.23"]
[Round "5.73"]
[White "Hampel, Felix"]
[Black "Migot, Tangi"]
[Result "1-0"]
[ECO "D85"]
[WhiteElo "2121"]
[BlackElo "2331"]
[PlyCount "69"]
[EventDate "2013.??.??"]
[TimeControl "6000+1355"]
[WhiteClock "0:14:35"]
[BlackClock "0:02:38"]

1. Nf3 Nf6 2. c4 g6 3. Nc3 d5 4. d4 Bg7 5. cxd5 Nxd5 6. e4 Nxc3 7. bxc3 O-O 8.
Rb1 c5 9. Be2 b6 10. O-O Qc7 11. Bg5 Nc6 12. d5 Ne5 13. c4 f5 14. exf5 Bxf5 15.
Rb3 Qd6 16. Bf4 Nxf3+ 17. Rxf3 e5 18. Bg3 h5 19. Re3 Rae8 20. Bd3 Bh6 21. Re2
Qf6 22. Rfe1 Bxd3 23. Qxd3 Bg7 24. f3 Qg5 25. Re4 Kh7 26. Qe2 Rf5 27. f4 exf4
28. Rxe8 fxg3 29. hxg3 Bd4+ 30. Kh2 Bg7 31. Qe3 Qg4 32. Re4 Bd4 33. Rxg4 Bxe3
34. Re4 Bg5 35. Re5 1-0

[Event "Czech open A"]
[Site "?"]
[Date "2013.07.23"]
[Round "5.74"]
[White "Konguvel, Ponnuswamy"]
[Black "Walter, Florian"]
[Result "1-0"]
[ECO "B06"]
[WhiteElo "2319"]
[BlackElo "2117"]
[PlyCount "57"]
[EventDate "2013.??.??"]
[TimeControl "6000+1000"]
[WhiteClock "0:11:59"]
[BlackClock "0:18:42"]

1. e4 g6 2. d4 Bg7 3. Nc3 d6 4. Be3 a6 5. Qd2 Nd7 6. h4 h6 7. f4 e6 8. h5 gxh5
9. e5 Ne7 10. Rxh5 Nb6 11. O-O-O Nbd5 12. Bf2 Nxc3 13. Qxc3 Nd5 14. Qd2 Bf8 15.
Nf3 b6 16. c4 Ne7 17. Bh4 Bb7 18. d5 exd5 19. cxd5 Qd7 20. Bf6 Rg8 21. Bxe7
Qxe7 22. Nd4 Qd7 23. e6 Qa4 24. exf7+ Kxf7 25. Rf5+ Kg6 26. Qd3 Qxd4 27. Qxd4
Kxf5 28. Bd3+ Kg4 29. f5+ 1-0

[Event "Czech open A"]
[Site "?"]
[Date "2013.07.23"]
[Round "5.75"]
[White "Kazakov, Konstantin"]
[Black "Cantoro, Daniele"]
[Result "1/2-1/2"]
[ECO "B31"]
[WhiteElo "2307"]
[BlackElo "2108"]
[PlyCount "98"]
[EventDate "2013.??.??"]
[TimeControl "6000+730"]
[WhiteClock "1:43:41"]
[BlackClock "0:12:49"]

1. e4 c5 2. Nf3 Nc6 3. Bb5 g6 4. Bxc6 dxc6 5. h3 Bg7 6. d3 Nf6 7. Nc3 O-O 8.
Be3 b6 9. Qd2 e5 10. Bh6 Qd6 11. O-O-O a5 12. g4 a4 13. Bxg7 Kxg7 14. Nh4 b5
15. f4 b4 16. Ne2 exf4 17. Nf3 Re8 18. e5 Rxe5 19. Nxe5 Qxe5 20. Qxf4 Qxf4+ 21.
Nxf4 g5 22. Ne2 Be6 23. a3 Bd5 24. Rhg1 Bf3 25. Rde1 Nd5 26. axb4 Bxe2 27. Rxe2
cxb4 28. Re5 h6 29. Kd2 a3 30. bxa3 Rxa3 31. Rb1 Ra8 32. Rb3 Kg6 33. Re4 Ra1
34. Rc4 Ra6 35. Rc5 Kf6 36. d4 Ke6 37. Rf3 f6 38. Rf1 Kd7 39. Rf3 Kd6 40. h4
Ra1 41. Rg3 Rf1 42. hxg5 hxg5 43. Ra5 Nc3 44. Kd3 Rd1+ 45. Kc4 Nd5 46. Ra2 Rf1
47. Rb2 Rf4 48. Kd3 Rf1 49. Rb3 Rf2 1/2-1/2

[Event "Czech open A"]
[Site "?"]
[Date "2013.07.23"]
[Round "5.76"]
[White "Mammadov, Zaur"]
[Black "Grabinsky, Vladimir"]
[Result "1-0"]
[ECO "B22"]
[WhiteElo "2437"]
[BlackElo "2258"]
[PlyCount "205"]
[EventDate "2013.??.??"]
[TimeControl "6000+1240"]
[WhiteClock "1:01:37"]
[BlackClock "0:01:30"]

1. e4 c5 2. c3 Nf6 3. e5 Nd5 4. Nf3 Nc6 5. Bc4 Nb6 6. Bb3 d5 7. exd6 Qxd6 8.
O-O Bf5 9. d4 e6 10. Na3 a6 11. Be3 cxd4 12. Nxd4 Nxd4 13. Bxd4 O-O-O 14. Qh5
Qc7 15. Bxb6 Qxb6 16. Qxf7 Bxa3 17. bxa3 Rd7 18. Qh5 g6 19. Qh4 h5 20. Rfe1
Rhd8 21. Qb4 Rd6 22. Re3 g5 23. Rae1 Qc6 24. h3 Kb8 25. Qa5 Rg8 26. Qe5 Ka8 27.
Rd1 Rxd1+ 28. Bxd1 g4 29. h4 Rd8 30. Bb3 Qd6 31. Qxd6 Rxd6 32. Kh2 Kb8 33. Kg3
Kc7 34. f3 gxf3 35. gxf3 Kd7 36. Kf4 Ke7 37. Re5 Rc6 38. c4 Kf6 39. Re1 Rd6 40.
Rd1 Rxd1 41. Bxd1 b6 42. Ke3 e5 43. f4 Bg6 44. a4 a5 45. a3 Be8 46. Be2 Bg6 47.
Bd1 Be8 48. Bf3 Bg6 49. Bc6 Ke6 50. Be4 Bxe4 51. Kxe4 exf4 52. Kxf4 Kf6 53. Ke4
Ke6 54. Kd3 Ke5 55. Ke3 Kf5 56. Kd4 Kg4 57. Kd5 Kxh4 58. Kc6 Kg3 59. Kxb6 h4
60. c5 h3 61. c6 h2 62. c7 h1=Q 63. c8=Q Qe1 64. Qc5 Qd2 65. Ka6 Kh3 66. Qh5+
Kg3 67. Qxa5 Qd6+ 68. Qb6 Qxa3 69. a5 Qe7 70. Qb7 Qc5 71. Qb5 Qc7 72. Qd5 Qc8+
73. Kb6 Qb8+ 74. Qb7 Qd6+ 75. Ka7 Qc5+ 76. Qb6 Qe7+ 77. Ka8 Qe4+ 78. Qb7 Qd4
79. a6 Kh4 80. Qe7+ Kh5 81. a7 Qb6 82. Qe5+ Kh4 83. Qd5 Kg4 84. Qe4+ Kg5 85.
Qg2+ Kf5 86. Qh3+ Kg5 87. Qg3+ Kf5 88. Qg2 Kf4 89. Qb7 Qe6 90. Qc7+ Ke3 91. Kb7
Qe4+ 92. Qc6 Qe7+ 93. Kb6 Qb4+ 94. Kc7 Qe7+ 95. Qd7 Qc5+ 96. Kd8 Qa5+ 97. Ke8
Qh5+ 98. Qf7 Qb5+ 99. Kf8 Qb2 100. a8=Q Qh8+ 101. Qg8 Qf6+ 102. Ke8 Qe5+ 103.
Kd7 1-0

[Event "Czech open A"]
[Site "?"]
[Date "2013.07.23"]
[Round "5.77"]
[White "Chetverik, Maxim"]
[Black "Zwardon, Vojtech"]
[Result "0-1"]
[ECO "A52"]
[WhiteElo "2264"]
[BlackElo "2391"]
[PlyCount "66"]
[EventDate "2013.??.??"]
[TimeControl "6000+1010"]
[WhiteClock "0:02:10"]
[BlackClock "0:45:56"]

1. d4 Nf6 2. c4 e5 3. dxe5 Ng4 4. Bf4 g5 5. Bd2 Nxe5 6. Nf3 Bg7 7. Nxe5 Bxe5 8.
Bc3 Nc6 9. Bxe5 Nxe5 10. Nc3 d6 11. e3 Be6 12. Rc1 Qd7 13. Nb5 a6 14. Nd4 O-O-O
15. Be2 f5 16. f4 Ng4 17. Bxg4 fxg4 18. O-O Qe7 19. Nxe6 Qxe6 20. Rc3 gxf4 21.
exf4 Rde8 22. f5 Qe4 23. Qd2 Rhf8 24. f6 Re6 25. c5 Rfxf6 26. Rxf6 Rxf6 27. Re3
Qf5 28. h3 Qxc5 29. Kh2 gxh3 30. Re8+ Kd7 31. Qe2 hxg2 32. Re7+ Kc6 33. Qxg2+
Kb6 0-1

[Event "Czech open A"]
[Site "?"]
[Date "2013.07.23"]
[Round "5.78"]
[White "Nun, Jiri"]
[Black "Goebel, Constantin"]
[Result "1-0"]
[ECO "B30"]
[WhiteElo "2387"]
[BlackElo "2235"]
[PlyCount "99"]
[EventDate "2013.??.??"]
[TimeControl "6000+1330"]
[WhiteClock "0:19:56"]
[BlackClock "0:46:17"]

1. e4 c5 2. Nf3 Nc6 3. Bb5 e6 4. O-O Nge7 5. b3 a6 6. Bxc6 Nxc6 7. Bb2 b5 8. d4
cxd4 9. Nxd4 Bb7 10. Nd2 Qc7 11. N4f3 Nb4 12. Ne1 Bd6 13. g3 h5 14. Bxg7 Rg8
15. Bf6 h4 16. Bxh4 Be5 17. a3 Bxa1 18. Qxa1 Qd6 19. Ndf3 Nc6 20. Nd3 Ne7 21.
Re1 f5 22. Nd2 Ng6 23. Bg5 fxe4 24. Nxe4 Bxe4 25. Rxe4 Qd5 26. Rg4 Qf5 27. Qd1
Ne7 28. h4 Rc8 29. Rf4 Qh7 30. c4 bxc4 31. bxc4 Rb8 32. Kg2 Nf5 33. c5 Rb5 34.
a4 Rb8 35. Rc4 Ne7 36. Bxe7 Qxe7 37. Ne5 Rc8 38. Qh5+ Kd8 39. Nf7+ Kc7 40. Qe5+
Kc6 41. Qe4+ Kc7 42. Qe5+ Kc6 43. Nd6 Rb8 44. Nf5 Qf8 45. Nd4+ Kb7 46. c6+ dxc6
47. Rxc6 Rc8 48. Rxe6 Qc5 49. Re7+ Ka8 50. Qe4+ 1-0

[Event "Czech open A"]
[Site "?"]
[Date "2013.07.23"]
[Round "5.79"]
[White "Gruenter, Martin"]
[Black "Nemcova, Katerina"]
[Result "0-1"]
[ECO "C58"]
[WhiteElo "2248"]
[BlackElo "2382"]
[PlyCount "60"]
[EventDate "2013.??.??"]
[TimeControl "6000+2435"]
[WhiteClock "0:00:32"]
[BlackClock "0:04:51"]

1. e4 e5 2. Nf3 Nc6 3. Bc4 Nf6 4. Ng5 d5 5. exd5 Na5 6. Bb5+ c6 7. dxc6 bxc6 8.
Bd3 Nd5 9. Nf3 Bd6 10. O-O O-O 11. Re1 f5 12. Nxe5 Qf6 13. Nc4 Nxc4 14. Bxc4
Qh4 15. Bxd5+ cxd5 16. g3 Qh3 17. Qf3 f4 18. Qxd5+ Kh8 19. Qg2 Qh5 20. Nc3 Bg4
21. Qd5 Qh3 22. Qg2 Qh5 23. Qd5 Rae8 24. Rf1 Be5 25. d4 Bf3 26. Qd7 fxg3 27.
fxg3 Bxg3 28. h3 Rd8 29. Qe6 Rfe8 30. Qc4 Qxh3 0-1

[Event "Czech open A"]
[Site "?"]
[Date "2013.07.23"]
[Round "5.80"]
[White "Golubov, Saveliy"]
[Black "Spalir, Jernej"]
[Result "1-0"]
[ECO "C54"]
[WhiteElo "2242"]
[BlackElo "2312"]
[PlyCount "69"]
[EventDate "2013.??.??"]
[TimeControl "6000+1225"]
[WhiteClock "0:11:34"]
[BlackClock "0:11:46"]

1. e4 e5 2. Nf3 Nc6 3. Bc4 Bc5 4. c3 Nf6 5. d3 O-O 6. O-O d5 7. exd5 Nxd5 8. h3
Nb6 9. Bb3 Bf5 10. Bc2 a5 11. Be3 Bxe3 12. fxe3 Bg6 13. Qe2 Qe7 14. Nbd2 Rad8
15. e4 f5 16. exf5 Bxf5 17. Rae1 Qc5+ 18. Kh1 h6 19. Ne4 Qb5 20. Bb3+ Kh8 21.
Nfg5 Bg6 22. Rxf8+ Rxf8 23. Ne6 Rc8 24. N4c5 a4 25. Bc4 Nxc4 26. dxc4 Qb6 27.
Nd7 Qa5 28. Qg4 Ne7 29. Rxe5 Qa8 30. Nf4 Bf5 31. Rxf5 Nxf5 32. Qxf5 Re8 33.
Ng6+ Kg8 34. Qd5+ Kh7 35. Qf7 1-0

[Event "Czech open A"]
[Site "?"]
[Date "2013.07.23"]
[Round "5.81"]
[White "Wagener, Claude"]
[Black "Kholopov, Alexander A"]
[Result "1/2-1/2"]
[ECO "B32"]
[WhiteElo "2240"]
[BlackElo "2310"]
[PlyCount "117"]
[EventDate "2013.??.??"]
[TimeControl "6000+930"]
[WhiteClock "0:18:10"]
[BlackClock "0:04:18"]

1. e4 c5 2. Nf3 Nc6 3. d4 cxd4 4. Nxd4 Qb6 5. Nb3 Nf6 6. Nc3 e6 7. Bd3 a6 8.
O-O d6 9. Qe2 Be7 10. Bd2 Qc7 11. f4 b5 12. Kh1 O-O 13. a3 Rb8 14. Rae1 Nd7 15.
Rf3 g6 16. Rh3 b4 17. axb4 Nxb4 18. Nb5 axb5 19. Bxb4 Nc5 20. Nd4 e5 21. Nf5
Bf6 22. Nh6+ Kg7 23. f5 Bg5 24. Bd2 f6 25. Rf1 Nxd3 26. Bxg5 fxg5 27. cxd3 Bd7
28. f6+ Rxf6 29. Rxf6 Kxf6 30. Qf2+ Ke7 31. Qf7+ Kd8 32. Qf8+ Be8 33. Rf3 Qe7
34. Qg8 Kc7 35. h3 Bd7 36. Qa2 Be6 37. Qa5+ Rb6 38. Ng4 Kb7 39. Ne3 Qd7 40. Qb4
Ra6 41. Kh2 Ra4 42. Qd2 h5 43. Rf6 g4 44. Qf2 gxh3 45. Rxg6 Ra8 46. Qf6 Bf7 47.
Rg7 Rf8 48. Nf5 Kc6 49. Nh6 hxg2 50. Rxf7 Rxf7 51. Qxf7 Qxf7 52. Nxf7 Kc5 53.
Kxg2 Kd4 54. Nxd6 b4 55. Nc4 Kxd3 56. Nxe5+ Kxe4 57. Nf3 Kd3 58. Ne1+ Kd2 59.
Kf2 1/2-1/2

[Event "Czech open A"]
[Site "?"]
[Date "2013.07.23"]
[Round "5.82"]
[White "Grigoriev, Evgeny"]
[Black "Tomazini, Aljosa"]
[Result "1/2-1/2"]
[ECO "A34"]
[WhiteElo "2235"]
[BlackElo "2306"]
[PlyCount "59"]
[EventDate "2013.??.??"]
[TimeControl "6000+830"]
[WhiteClock "0:34:54"]
[BlackClock "0:21:34"]

1. Nf3 Nf6 2. c4 c5 3. Nc3 d5 4. cxd5 Nxd5 5. e4 Nxc3 6. dxc3 Qc7 7. Be3 Bd7 8.
a4 Bc6 9. Bb5 Nd7 10. Nd2 g6 11. Qb3 Bg7 12. Bxc6 Qxc6 13. Qb5 Qc7 14. O-O O-O
15. Nc4 a6 16. Qb3 b6 17. f3 Rab8 18. Rfd1 Ne5 19. Nxe5 Bxe5 20. h3 Rfd8 21.
Rxd8+ Rxd8 22. Rd1 Rd6 23. Rd5 Bh2+ 24. Kf1 e6 25. Rxd6 Qxd6 26. Ke2 Kg7 27.
Qc4 Qg3 28. Kf1 Qd6 29. Ke2 Qg3 30. Kf1 1/2-1/2

[Event "Czech open A"]
[Site "?"]
[Date "2013.07.23"]
[Round "5.83"]
[White "Matsenko, Andrei"]
[Black "Musaev, Rasul"]
[Result "1-0"]
[ECO "C04"]
[WhiteElo "2235"]
[BlackElo "2300"]
[PlyCount "119"]
[EventDate "2013.??.??"]
[TimeControl "6000+1415"]
[WhiteClock "0:27:30"]
[BlackClock "0:13:24"]

1. e4 e6 2. d4 d5 3. Nd2 Nc6 4. Ngf3 Nf6 5. e5 Nd7 6. Be2 f6 7. exf6 Qxf6 8.
Nf1 Bd6 9. Ne3 O-O 10. O-O Qg6 11. b3 Nf6 12. Bb2 Ne4 13. c4 Bf4 14. cxd5 exd5
15. Nxd5 Bh3 16. Nxf4 Rxf4 17. Ne1 Raf8 18. f3 Nd6 19. Bd3 Bf5 20. Qd2 Rh4 21.
Qf2 Rf4 22. Qe3 Rh4 23. Qf2 Rf4 24. Bxf5 Qxf5 25. Rd1 Qg6 26. Qg3 Qxg3 27. hxg3
R4f7 28. Nc2 Re8 29. Rfe1 Rfe7 30. Kf2 Rxe1 31. Rxe1 Rxe1 32. Kxe1 Kf7 33. g4
g6 34. Kd2 Ke6 35. Kd3 Ne8 36. g5 Ne7 37. g4 Nd5 38. Bc1 c6 39. Bd2 Nd6 40. Na3
Nf7 41. Nc4 Nd6 42. Nxd6 Kxd6 43. f4 Ke6 44. Ke4 Ne7 45. Bb4 Nd5 46. f5+ Kf7
47. Bd2 Ke7 48. Ke5 Kd7 49. a4 b6 50. Bc1 a6 51. Ba3 b5 52. axb5 axb5 53. Bc5
Ke8 54. Ke6 Nf4+ 55. Kd6 Nh3 56. Kxc6 Nxg5 57. fxg6 hxg6 58. d5 Nf7 59. Bd4 b4
60. Bf6 1-0

[Event "Czech open A"]
[Site "?"]
[Date "2013.07.23"]
[Round "5.84"]
[White "Barthel, Ansgar"]
[Black "Ageichenko, Gennady"]
[Result "1/2-1/2"]
[ECO "C51"]
[WhiteElo "2230"]
[BlackElo "2298"]
[PlyCount "191"]
[EventDate "2013.??.??"]
[TimeControl "6000+1380"]
[WhiteClock "0:09:24"]
[BlackClock "0:04:16"]

1. e4 e5 2. Nf3 Nc6 3. Bc4 Bc5 4. b4 Be7 5. b5 Na5 6. Nxe5 Nxc4 7. Nxc4 d5 8.
exd5 Qxd5 9. Ne3 Qxb5 10. Nc3 Qd7 11. Ncd5 c6 12. Nxe7 Nxe7 13. O-O O-O 14. Bb2
Qc7 15. Qf3 Be6 16. c4 b5 17. Rfc1 bxc4 18. Nxc4 Bd5 19. Qc3 f6 20. Ne3 Be6 21.
Ba3 Rfc8 22. Qc5 Kf7 23. Nc4 Bxc4 24. Qxe7+ Qxe7 25. Bxe7 Bd5 26. Bc5 a6 27. a3
Rab8 28. Rab1 Rb5 29. a4 Rb3 30. Rxb3 Bxb3 31. a5 Rd8 32. Bb4 Rd4 33. Bc3 Rd5
34. f3 Ba4 35. Kf2 Bb5 36. Re1 Bd3 37. Re3 c5 38. f4 h5 39. g3 Bf5 40. Re1 Bd3
41. Re3 Rd7 42. Re1 Bf5 43. Re3 Rb7 44. Re1 Rb8 45. Re3 Rh8 46. h4 Rb8 47. Re1
Rb7 48. Re3 Rd7 49. Re1 Bd3 50. Re3 Bb5 51. Re1 Kg6 52. Re3 Kf5 53. Re1 Kg4 54.
Re3 Bd3 55. Kg2 Bf5 56. Kh2 Rb7 57. Kg2 Rd7 58. Kh2 Bd3 59. Kg2 Bb5 60. Kf2 Bc4
61. Kg2 Rb7 62. Re1 Bd5+ 63. Kf2 Kh3 64. Re8 Rc7 65. Re1 Rd7 66. Re8 Rc7 67.
Re1 Rf7 68. Re3 Bc6 69. Re6 Bb5 70. Re1 Kh2 71. Re6 Rd7 72. Re3 Bd3 73. Re6 Rb7
74. Re1 Bf5 75. Re8 Rc7 76. Re1 Rf7 77. Re8 Rc7 78. Re1 Bd3 79. Re3 Bb5 80. Re6
Rf7 81. Re1 Rd7 82. Re3 Kh3 83. Kf3 Bc6+ 84. Kf2 Kg4 85. Re6 Bb5 86. Re3 Kf5
87. Kf3 Bc6+ 88. Kf2 Be4 89. Re1 Rb7 90. Kg1 Bd5 91. Kf2 Be4 92. Kg1 Rd7 93.
Kf2 Bd3 94. Kf3 Bc4 95. Kf2 Kg4 96. Re3 1/2-1/2

[Event "Czech open A"]
[Site "?"]
[Date "2013.07.23"]
[Round "5.85"]
[White "Jasny, Stanislav"]
[Black "Jedlicka, Ales"]
[Result "1/2-1/2"]
[ECO "B90"]
[WhiteElo "2290"]
[BlackElo "2226"]
[PlyCount "75"]
[EventDate "2013.??.??"]
[TimeControl "6000+1840"]
[WhiteClock "0:13:00"]
[BlackClock "0:24:43"]

1. e4 c5 2. Nf3 d6 3. d4 cxd4 4. Nxd4 Nf6 5. Nc3 a6 6. Be3 e5 7. Nb3 Be6 8. f3
Be7 9. Qd2 O-O 10. O-O-O Nbd7 11. g4 b5 12. Rg1 Qc7 13. g5 Nh5 14. Nd5 Bxd5 15.
exd5 Nb6 16. Na5 Rac8 17. Rg2 Nxd5 18. Qxd5 Qxa5 19. Bd3 g6 20. Kb1 Rfe8 21.
Rg4 Qc7 22. a4 Bf8 23. h4 Nf4 24. Bxf4 exf4 25. Rxf4 Re5 26. Qb3 bxa4 27. Rxa4
Rb8 28. Rb4 Rxb4 29. Qxb4 a5 30. Qg4 Bg7 31. f4 Re8 32. f5 gxf5 33. Qxf5 Rb8
34. Bb5 Qc5 35. Qxc5 dxc5 36. c4 Bd4 37. Re1 Kg7 38. h5 1/2-1/2

[Event "Czech open A"]
[Site "?"]
[Date "2013.07.23"]
[Round "5.86"]
[White "Bartos, Jan"]
[Black "Rjabzev, Konstantin"]
[Result "1/2-1/2"]
[ECO "A41"]
[WhiteElo "2209"]
[BlackElo "2290"]
[PlyCount "34"]
[EventDate "2013.??.??"]
[TimeControl "5400+1130"]
[WhiteClock "1:05:02"]
[BlackClock "0:45:33"]

1. d4 d6 2. e4 g6 3. c4 Bg7 4. Nc3 Nd7 5. f3 e5 6. Nge2 Ne7 7. Be3 O-O 8. Qd2
Nb6 9. Ng3 f5 10. exf5 Nxf5 11. Nxf5 Bxf5 12. O-O-O exd4 13. Bxd4 Bxd4 14. Qxd4
Qg5+ 15. Qd2 Qf6 16. Qd4 Qg5+ 17. Qd2 Qf6 1/2-1/2

[Event "Czech open A"]
[Site "?"]
[Date "2013.07.23"]
[Round "5.87"]
[White "Adamek, Jiri"]
[Black "Sanders, Isaac"]
[Result "1/2-1/2"]
[ECO "D52"]
[WhiteElo "2290"]
[BlackElo "2210"]
[PlyCount "69"]
[EventDate "2013.??.??"]
[TimeControl "6000+750"]
[WhiteClock "0:44:51"]
[BlackClock "0:06:45"]

1. d4 d5 2. c4 c6 3. Nc3 Nf6 4. Bg5 Nbd7 5. e3 e6 6. Nf3 Qa5 7. Bxf6 Nxf6 8.
Bd3 Ne4 9. Bxe4 dxe4 10. Nd2 f5 11. f3 exf3 12. Nxf3 Be7 13. O-O O-O 14. e4 Qc7
15. Qe2 Bd7 16. exf5 Rxf5 17. c5 Raf8 18. Ne4 Be8 19. g4 Rf4 20. Ne5 Qd8 21.
Rxf4 Rxf4 22. Rd1 Bh4 23. h3 Bg6 24. Nxg6 hxg6 25. b3 Kh7 26. Rd3 b6 27. Qe3
Qf8 28. Qe2 Be7 29. b4 bxc5 30. dxc5 Bh4 31. Kg2 Rxe4 32. Qxe4 Qf2+ 33. Kh1 Bg3
34. Rxg3 Qxg3 35. Qxe6 1/2-1/2

[Event "Czech open A"]
[Site "?"]
[Date "2013.07.23"]
[Round "5.88"]
[White "Bivol, Alina"]
[Black "Villegas, Pierre"]
[Result "1/2-1/2"]
[ECO "A07"]
[WhiteElo "2207"]
[BlackElo "2288"]
[PlyCount "77"]
[EventDate "2013.??.??"]
[TimeControl "6000+770"]
[WhiteClock "0:45:03"]
[BlackClock "0:01:54"]

1. Nf3 Nf6 2. g3 d5 3. Bg2 c6 4. O-O Bg4 5. d3 Nbd7 6. Nbd2 e5 7. e4 dxe4 8.
dxe4 Bc5 9. h3 Bh5 10. Qe1 O-O 11. Nh4 Re8 12. Nf5 Qc7 13. g4 Bg6 14. Qe2 Bf8
15. Rd1 Nc5 16. Nf1 Nfd7 17. h4 f6 18. g5 Ne6 19. Qg4 Rad8 20. N1g3 fxg5 21.
Bxg5 Nxg5 22. Qxg5 Nc5 23. h5 Ne6 24. Qg4 Bxf5 25. exf5 Nf4 26. Bf1 Kh8 27. Ne4
h6 28. c3 Qf7 29. Ng3 Be7 30. b3 Qf6 31. Rxd8 Rxd8 32. Re1 Re8 33. Ne4 Qh4 34.
Qxh4 Bxh4 35. Nd6 Re7 36. Rxe5 Rxe5 37. Nf7+ Kg8 38. Nxe5 Bf6 39. Ng6 1/2-1/2

[Event "Czech open A"]
[Site "?"]
[Date "2013.07.23"]
[Round "5.89"]
[White "Cerveny, Petr"]
[Black "Karasek, Lukas"]
[Result "1-0"]
[ECO "B91"]
[WhiteElo "2285"]
[BlackElo "2203"]
[PlyCount "79"]
[EventDate "2013.??.??"]
[TimeControl "6000+785"]
[WhiteClock "0:35:25"]
[BlackClock "0:00:34"]

1. e4 c5 2. Nf3 d6 3. d4 cxd4 4. Nxd4 Nf6 5. Nc3 a6 6. g3 e5 7. Nb3 Be7 8. Bg2
O-O 9. O-O Be6 10. Re1 Nbd7 11. a4 Rc8 12. Nd2 Qa5 13. Nf1 Rfd8 14. Ne3 Nb6 15.
Ncd5 Nbxd5 16. exd5 Bd7 17. Bd2 Qc7 18. a5 h5 19. h3 g6 20. b3 h4 21. g4 Nh7
22. Bb4 f5 23. gxf5 gxf5 24. Qh5 Rf8 25. Nc4 Be8 26. Qd1 Rd8 27. Rxe5 dxe5 28.
d6 Qb8 29. Bd5+ Bf7 30. dxe7 Rxd5 31. exf8=Q+ Nxf8 32. Qf3 f4 33. Kh2 Ng6 34.
Rg1 Kg7 35. Qh5 Qd8 36. Bc3 Kf6 37. Rg5 Qc7 38. Qg4 Qd7 39. Bxe5+ Nxe5 40.
Qxf4+ 1-0

[Event "Czech open A"]
[Site "?"]
[Date "2013.07.23"]
[Round "5.90"]
[White "Feldtmann, Thomas"]
[Black "Zatschek, Mark"]
[Result "0-1"]
[ECO "E54"]
[WhiteElo "2280"]
[BlackElo "2174"]
[PlyCount "56"]
[EventDate "2013.??.??"]
[TimeControl "6000+965"]
[WhiteClock "0:11:09"]
[BlackClock "0:07:26"]

1. d4 Nf6 2. c4 e6 3. Nc3 Bb4 4. e3 O-O 5. Bd3 d5 6. Nf3 c5 7. O-O dxc4 8. Bxc4
cxd4 9. exd4 Bxc3 10. bxc3 Qc7 11. Qe2 b6 12. Bd2 Bb7 13. Bd3 Nbd7 14. Rac1
Rac8 15. Bg5 Rfe8 16. Rfe1 h6 17. Bh4 Qf4 18. Bg3 Qg4 19. Ba6 Bxa6 20. Qxa6 Ra8
21. c4 Qf5 22. a4 Ne4 23. Bc7 e5 24. Qb5 a6 25. Qc6 exd4 26. Rxe4 Qxe4 27. Qxd7
Rac8 28. h3 Qb7 0-1

[Event "Czech open A"]
[Site "?"]
[Date "2013.07.23"]
[Round "5.91"]
[White "Tate, Alan"]
[Black "Starcevs, Dmitrijs"]
[Result "1-0"]
[ECO "A05"]
[WhiteElo "2277"]
[BlackElo "2139"]
[PlyCount "45"]
[EventDate "2013.??.??"]
[TimeControl "6000+1005"]
[WhiteClock "0:58:12"]
[BlackClock "0:12:56"]

1. Nf3 Nf6 2. c4 g6 3. Nc3 d5 4. cxd5 Nxd5 5. Qb3 Nb6 6. d4 Bg7 7. Bf4 O-O 8.
e3 Be6 9. Qa3 Nc6 10. Rc1 a6 11. Bg3 Nc4 12. Qc5 Nb6 13. Be2 Re8 14. O-O Nd7
15. Qa3 b5 16. d5 b4 17. Qb3 Nc5 18. Qc4 bxc3 19. dxe6 Nxe6 20. Qxc6 cxb2 21.
Rcd1 Qb8 22. Be5 Qb4 23. Rb1 1-0

[Event "Czech open A"]
[Site "?"]
[Date "2013.07.23"]
[Round "5.92"]
[White "Stahnecker, Ludwig"]
[Black "Dauletova, Gulmira"]
[Result "1/2-1/2"]
[ECO "C41"]
[WhiteElo "2117"]
[BlackElo "2276"]
[PlyCount "127"]
[EventDate "2013.??.??"]
[TimeControl "6000+1165"]
[WhiteClock "0:20:33"]
[BlackClock "0:06:04"]

1. e4 e5 2. Nf3 d6 3. d4 exd4 4. Nxd4 Nf6 5. Nc3 Be7 6. Be2 O-O 7. O-O Re8 8.
Re1 h6 9. Bf4 Bf8 10. Bf1 Nbd7 11. Nf5 Nb6 12. Qf3 d5 13. Rad1 Bxf5 14. exf5 c6
15. Be5 Nbd7 16. Bg3 Qb6 17. b3 Qa5 18. Rxe8 Rxe8 19. Bh4 Bb4 20. Ne2 Qxa2 21.
c3 Qxb3 22. Qd3 Nc5 23. Rb1 Nxd3 24. Rxb3 Bc5 25. Nd4 Ne5 26. Bxf6 gxf6 27.
Rxb7 Bb6 28. h3 c5 29. Nb5 Nc6 30. Nd6 Re7 31. Rxe7 Nxe7 32. Ne8 Ba5 33. c4 Bc3
34. cxd5 Nxd5 35. Nd6 Nb6 36. Nb5 Be5 37. Nxa7 Kf8 38. Nc6 Bc3 39. Bb5 Nd5 40.
g3 Bd2 41. Kf1 Nc3 42. Bc4 Ne4 43. Ke2 Bc1 44. Bd3 Nc3+ 45. Kf3 Nd5 46. Ke4
Nc3+ 47. Kf3 Ke8 48. Bc4 Kd7 49. Na5 Ke7 50. Nb3 Ba3 51. Nd2 Na4 52. Ke4 Bb4
53. Nf1 Nc3+ 54. Kf3 Nb1 55. Ba2 Nd2+ 56. Nxd2 Bxd2 57. g4 Be1 58. Ke2 Bb4 59.
Kd3 Be1 60. Ke2 Bc3 61. Kd3 Bd4 62. f3 Bf2 63. Ke4 Bd4 64. Bb3 1/2-1/2

[Event "Czech open A"]
[Site "?"]
[Date "2013.07.24"]
[Round "6.46"]
[White "Belyakov, Bogdan"]
[Black "Kireev, Aleksei"]
[Result "1-0"]
[ECO "B00"]
[WhiteElo "2430"]
[BlackElo "2310"]
[PlyCount "117"]
[EventDate "2013.??.??"]
[TimeControl "6000+1250"]
[WhiteClock "0:08:51"]
[BlackClock "0:58:29"]

1. e4 d6 2. d4 g6 3. Nc3 c6 4. f4 d5 5. e5 h5 6. Nf3 Nh6 7. Be2 Bg4 8. Be3 Nf5
9. Bf2 e6 10. O-O Be7 11. b3 a5 12. Qd3 Nd7 13. Nd1 Kf8 14. c4 Kg7 15. h3 Bxf3
16. Qxf3 h4 17. Qd3 Qb6 18. Rb1 Qa7 19. Nc3 Rac8 20. Rfc1 Rhd8 21. Rd1 Rh8 22.
Bg4 Rhd8 23. Rbc1 Rh8 24. cxd5 cxd5 25. Bxf5 gxf5 26. Nxd5 exd5 27. Qxf5 b5 28.
Qg4+ Kh7 29. Rxc8 Rxc8 30. Bxh4 Bxh4 31. Qxh4+ Kg8 32. Rd3 Rc6 33. f5 Nxe5 34.
Rg3+ Ng6 35. fxg6 Rxg6 36. Rxg6+ fxg6 37. Qd8+ Kh7 38. Qxd5 a4 39. Qc5 Qa5 40.
Kh2 Qd2 41. bxa4 bxa4 42. a3 Qf4+ 43. Kg1 Qe3+ 44. Kh1 Kh6 45. Qd6 Qc3 46. Kh2
Qe3 47. d5 Qd4 48. Qf8+ Kh7 49. Qe7+ Kh6 50. Qd6 Kh7 51. Qc7+ Kh6 52. Qc1+ g5
53. Qc6+ Kh7 54. Qd6 Kg7 55. Qd7+ Kh6 56. Qf5 Qd2 57. Qf6+ Kh7 58. d6 Qa5 59.
h4 1-0